[Event "Slovakian ECo-C Extraliga 2024-25"]
[Site "Slovakia"]
[Date "2025.02.15"]
[Round "5.1"]
[White "Antoniewski, Rafal"]
[Black "Sahidi, Samir"]
[Result "1/2-1/2"]
[Annotator "TA"]
[ECO "B95"]
[WhiteElo "2444"]
[BlackElo "2494"]
[PlyCount "156"]
[EventDate "2024.09.12"]
[EventType "team-tourn"]
[EventCountry "SVK"]
[SourceTitle "playchess.com"]
[Source "ChessBase"]
[SourceQuality "1"]
[TimeControl "5400+30"]

1. e4 c5 2. Nf3 d6 3. d4 cxd4 4. Nxd4 Nf6 5. Nc3 a6 6. Bg5 e6 7. Qe2 Nbd7 {[%emt 0:01:38] B95: Sicilian Najdorf: 6 Bg5 e6, unusual White 7th moves.} 8. O-O-O Qc7 9. g4 b5 {[%emt 0:04:08] White is slightly better.} 10. a3 Bb7 11. Kb1 Rc8 $146 (11... Be7 12. h4 O-O 13. Rh3 Rfe8 14. Bc1 d5 15. exd5 exd5 16. g5 Bf8 17. Re3 Rxe3 18. Qxe3 {1-0 Cvak,R (2361)-Khlopov,S (2196) SA-2018-0-00660}) 12. Bxf6 gxf6 13. h4 Ne5 (13... h5 $14) 14. f4 $16 Nc4 15. Rh3 Qb6 16. Qe1 h5 17. g5 (17. gxh5 $16 Bh6 18. f5) 17... fxg5 $1 $14 18. hxg5 Bg7 19. Rhd3 {[%cal Og5g6] g6! is the strong threat.} Qc5 {[%emt 0:10:10] [#]} 20. e5 dxe5 $11 21. Nb3 Qc6 {[%emt 0:05:23] [#]} (21... Qe7 $11 {remains equal.}) 22. fxe5 (22. f5 $1 $16 ) 22... Nxe5 (22... Bxe5 $2 23. Na5 Nxa3+ (23... Nxa5 $2 24. Qxe5 O-O 25. g6 $18) 24. bxa3 (24. Ka2 Qc7 $18) 24... Qxc3 (24... Bxc3 $2 25. Nxc6 Bxc6 26. Rxc3 $18) 25. Rxc3 (25. Nxb7 $2 Qxc2#) 25... Bxc3 26. Qe3 Bxa5 27. g6 $18) 23. Re3 Qc7 24. Nd4 O-O 25. Qh4 {[%emt 0:02:11] [#]} (25. Bh3 $17) 25... Rfd8 $1 $19 (25... Ng4 26. Red3 $17) 26. Qxh5 Ng6 $2 {[%emt 0:03:20] Prevents Bd3.} (26... Nf3 $19 {is more deadly.} 27. Bd3 Rxd4 (27... Nxd4 $2 28. Qh7+ Kf8 29. Rf1 $19) 28. Rxf3 Bxf3 29. Qxf3 b4) 27. Nxe6 Rxd1+ 28. Qxd1 fxe6 29. Rxe6 Rd8 30. Qe1 Ne5 31. Bh3 Qc5 {[%emt 0:03:40] Strongly threatening ...Bc8.} 32. Ne4 Qd4 33. Nf6+ Bxf6 34. Rxf6 Be4 ({Black should play} 34... Kg7 $17 35. Qc1 Be4) 35. Bf5 $15 Qd1+ (35... Nf3 {feels hotter.} 36. Rg6+ Kf8 37. Qb4+ Qxb4 38. Rf6+ Ke8) 36. Qxd1 Rxd1+ 37. Ka2 Bxf5 38. Rxf5 {[%emt 0:00:04][%mdl 4096] Endgame KRN-KR} Nd7 39. a4 bxa4 40. Ra5 Rd6 41. Rxa4 Kf7 42. Ra5 Nb8 43. Rf5+ Ke7 44. b4 Rb6 45. c3 Nd7 46. Kb3 Rg6 47. Ra5 Kd8 48. Kc2 Kc7 49. b5 (49. c4 $11 {is more appropriate.}) 49... axb5 (49... Rxg5 50. b6+ (50. Rxa6 Rxb5 51. Rh6 Rf5 $17) 50... Kxb6 51. Rxg5 $18) 50. Rxb5 Nf8 51. Rc5+ Kd7 52. Rd5+ Ke7 53. Ra5 Ne6 54. Kb3 Nxg5 55. Kb4 Ne6 56. Ra7+ Kf6 57. Rd7 Rg8 58. c4 Rb8+ 59. Kc3 Nc5 60. Rd6+ Ke7 61. Rd5 Nd7 62. Rd1 Nf6 63. Re1+ Kd6 64. Kd4 Rh8 65. Ra1 Rh4+ 66. Kd3 Nd7 67. Kc3 Rh3+ 68. Kd2 Ne5 69. Ke2 Kc5 ({Resist} 69... Nxc4 70. Rb1 $17) 70. Rd1 Kxc4 71. Rd6 Kc3 72. Rd8 Nd3 73. Rc8+ Kd4 74. Rd8+ Ke4 75. Re8+ Ne5 76. Kd2 Kd4 77. Rd8+ Ke4 78. Re8 Kd4 {[%emt 0:00:00] Black had all chances to win.   Weighted Error Value: White=0.19 (very precise) /Black=0.19 (very precise)   Mistake:       	White=6     	Black=5      Inaccurate:     	White=2     	Black=4      OK:         	White=25    	Black=29     Best:        	White=3     	Black=4      Strong:       	---       	Black=2} (78... Kd5 $17) 1/2-1/2

[Event "Slovakian ECo-C Extraliga 2024-25"]
[Site "Slovakia"]
[Date "2025.02.15"]
[Round "5.1"]
[White "Druska, Juraj"]
[Black "Korobov, Anton"]
[Result "1/2-1/2"]
[Annotator "TA"]
[ECO "B90"]
[WhiteElo "2442"]
[BlackElo "2627"]
[PlyCount "139"]
[EventDate "2024.09.12"]
[EventType "team-tourn"]
[EventCountry "SVK"]
[SourceTitle "playchess.com"]
[Source "ChessBase"]
[SourceQuality "1"]
[TimeControl "5400+30"]

1. e4 c5 2. Nf3 d6 3. d4 cxd4 4. Nxd4 Nf6 5. Nc3 a6 6. Be3 Ng4 7. Bc1 Nf6 8. Be3 e5 9. Nf3 Qc7 10. Be2 Be7 11. O-O O-O 12. a4 b6 13. Qd3 {[%emt 0:00:24] B90: Sicilian Najdorf: Unusual White 6th moves, 6 Be3 Ng4 and 6 Be3 e5.} Nbd7 14. Qc4 Qxc4 15. Bxc4 Bb7 16. Nd2 Rfc8 17. f3 Rc7 18. Rfd1 {[%emt 0:00:57] White is more active.} Rac8 19. b3 Kf8 $146 (19... h5 20. Bf2 Kf8 21. Nf1 g6 22. Ne3 Ke8 23. Kf1 Bf8 24. Rd2 Be7 25. Rad1 Ra8 26. Ncd5 Nxd5 27. Bxd5 b5 {1-0 Short,N (2695)-Gelfand,B (2665) Novgorod 3rd 1996 (7)}) 20. Bf2 Nh5 21. g3 g6 22. Nf1 (22. Rab1 $16) 22... f5 $11 23. Ne3 (23. exf5 {feels hotter.} Bxf3 24. Rd3 e4 25. Rd2) 23... Nhf6 24. Ncd5 Nxd5 25. Nxd5 Rxc4 26. bxc4 Rxc4 27. exf5 (27. Nxb6 Nxb6 28. Rdb1 (28. Bxb6 fxe4 29. f4 exf4 $15) 28... Bxe4 $11) 27... gxf5 28. Ne3 (28. Bxb6 $2 Bxd5 (28... Rxc2 29. Bf2 $16) 29. Rxd5 Nxb6 $19) 28... Rc7 29. Kg2 f4 30. gxf4 exf4 31. Nf5 Ne5 32. Nd4 {[%emt 0:01:31] [#]} Rc3 33. Be1 Rc4 34. Rab1 Rxa4 35. Rxb6 Bd5 36. Rbb1 (36. Rb4 $14 Ra3 37. Bd2) 36... Bf6 37. c3 Ra2+ $1 38. Rd2 Ra3 39. Rdd1 Nc4 {[%emt 0:04:25] [#] ...Ne3+ would now be deadly.} 40. Ra1 (40. Kg1 $5) 40... Bxd4 $1 {[%emt 0:01:01] This pair of bishops is nice.} 41. Rxa3 Ne3+ 42. Kh1 (42. Kg1 Bc5 (42... Nxd1+ $2 43. cxd4 Ne3 44. Rxa6 $18) 43. Rd3 (43. Rda1 $2 Nc4+ 44. Kg2 Bxa3 $19) 43... Bc4 (43... Bxa3 44. c4 $16) 44. Rxe3 fxe3 $15) 42... Bxf3+ 43. Kg1 Bc5 44. Rd4 Nc2 (44... Bxa3 $2 45. Rxf4+ Ke8 46. Rxf3 $18) 45. Ra5 {[%emt 0:00:00][%cal Oa5c5] aiming for Rxc5!.} Nxd4 (45... Nxe1 $2 {too greedy.} 46. Rxc5 dxc5 47. Rxf4+ Ke7 48. Kf1 $18) ({But not} 45... Bxd4+ $6 46. cxd4 Nxe1 47. Kf2 $16 (47. Rxa6 $2 Nd3 $19)) 46. cxd4 Bxd4+ {[%emt 0:00:00][%mdl 4096] Endgame KRB-KB} 47. Bf2 $132 {[%emt 0:00:00][%mdl 2048] White puts up resistance} Be5 48. Rxa6 Kf7 49. Ra3 Be4 50. Ra4 Bg6 51. Bb6 Ke6 52. Kf2 Bc2 53. Ra2 Be4 54. Ra4 Kf5 55. Bc7 h5 56. Rb4 Bh1 57. Rb5 Ke6 58. Rb4 {[%emt 0:00:18] Dodges Bd4+} Bd5 59. Bb6 Bc6 60. Bc7 Kf5 61. Kf1 Bd5 62. Rb6 Bc4+ 63. Kg2 Ke6 64. Rb4 {[%emt 0:00:08] The position is equal.} Kd5 65. Bb6 Bc3 66. Ra4 Be5 67. Kf3 Bb3 68. Rxf4 Bd1+ 69. Ke3 Bxf4+ 70. Kxf4 {[%emt 0:00:05] Weighted Error Value: White=0.11 (very precise) /Black=0.06 (flawless)   Mistake:       	White=2     	---        Inaccurate:     	White=6     	Black=6      OK:         	White=19    	Black=23     Best:        	White=5     	Black=5      Strong:       	---       	Black=2} 1/2-1/2

[Event "Slovakian ECo-C Extraliga 2024-25"]
[Site "Slovakia"]
[Date "2025.02.15"]
[Round "5.1"]
[White "Babula, Vlastimil"]
[Black "Neugebauer, Martin"]
[Result "1/2-1/2"]
[Annotator "TA"]
[ECO "A04"]
[WhiteElo "2322"]
[BlackElo "2509"]
[PlyCount "72"]
[EventDate "2024.09.12"]
[EventType "team-tourn"]
[EventCountry "SVK"]
[SourceTitle "playchess.com"]
[Source "ChessBase"]
[SourceQuality "1"]
[TimeControl "5400+30"]

1. Nf3 c5 2. g3 Nc6 3. Bg2 g6 4. c3 e5 5. d4 cxd4 6. cxd4 {[%emt 0:00:23] A04: Unusual lines after 1 Nf3 and King's Indian Attack.} e4 7. Ne5 d5 8. Nc3 Bg7 9. O-O Nge7 10. Nxc6 (10. Bg5 {feels hotter.} Be6 11. Nxc6 bxc6 12. Na4) 10... bxc6 11. Na4 h5 12. Bg5 {[%emt 0:05:24] [#]} h4 $1 13. Rc1 (13. Bxh4 $2 f6 (13... Rxh4 14. gxh4 Nf5 15. Rc1 $11) 14. Qe1 g5 15. Bxg5 fxg5 $19) 13... f6 14. Bd2 (14. Bxh4 $2 g5 15. f4 gxh4 $19) 14... Rb8 15. b3 $146 (15. Bf4 Rb4 16. b3 g5 17. Bd2 Rxd4 18. Qe1 hxg3 19. fxg3 Rxd2 20. Qxd2 Rh7 21. Qb4 {0-1 Wuttke,J (2040)-Loeffler,W (2111) GER-ch 2014-C-V9 serv}) 15... g5 16. f3 ({Better is} 16. Qc2 $11) 16... hxg3 $1 $15 17. hxg3 Qd6 18. Qe1 Nf5 19. fxe4 dxe4 (19... Nxg3 $2 20. e5 Nxe2+ 21. Qxe2 $18) (19... Nxd4 $6 20. e3 Ne6 21. exd5 cxd5 22. Nc3 $16) 20. e3 Nxg3 (20... Qxg3 $6 21. Qxg3 Nxg3 22. Rf2 $15) 21. Rxc6 Ne2+ $1 (21... Qxc6 $6 22. Qxg3 Qa8 23. Nc5 $14) 22. Qxe2 Qxc6 23. Nc5 {[%emt 0:00:18] Inhibits Ba6.} f5 24. Qc4 Qc7 25. Rf2 Bf8 (25... Qh2+ 26. Kf1 Qc7 27. Qa4+ Kd8 28. Ba5 $11) 26. Qa4+ Kd8 27. Ba5 {[%emt 0:00:27] [#]} Rb6 $1 28. Qc4 {[%emt 0:00:37] [#]} Ke8 $1 29. Bxb6 $11 axb6 30. Qb5+ Kd8 31. Na4 {[%emt 0:00:29] [#]} (31. Na6 $1 $11 Qh2+ 32. Kf1) 31... Qc1+ ({Black should play} 31... Rh6 $1 $17 {Strongly threatening ...Qc1+.} 32. Qc4 Qh2+ 33. Kf1 Qd6) 32. Bf1 {[%emt 0:00:21] The position is equal.} Bd6 (32... Qxe3 $2 {too greedy.} 33. Qxb6+ Ke7 34. Qc7+ Bd7 35. Qe5+ Kf7 36. Qxh8 $18) 33. Qxb6+ Ke7 34. Qa7+ Kf6 35. Qb6 {[%emt 0:00:35] Really sharp!} Ke7 36. Qa7+ Kf6 {[%emt 0:00:29] Weighted Error Value: White=0.12 (very precise) /Black=0.11 (very precise)   Mistake:       	White=2     	Black=2      Inaccurate:     	---       	Black=2      OK:         	White=15    	Black=17     Best:        	White=8     	Black=2      Strong:       	---       	Black=2      Brilliant:      	---       	Black=1} 1/2-1/2

[Event "Slovakian ECo-C Extraliga 2024-25"]
[Site "Slovakia"]
[Date "2025.02.15"]
[Round "5.2"]
[White "Laurusas, Tomas"]
[Black "Mazur, Stefan"]
[Result "1-0"]
[Annotator "TA"]
[ECO "A50"]
[WhiteElo "2578"]
[BlackElo "2444"]
[PlyCount "113"]
[EventDate "2024.09.12"]
[EventType "team-tourn"]
[EventCountry "SVK"]
[SourceTitle "playchess.com"]
[Source "ChessBase"]
[SourceQuality "1"]
[TimeControl "5400+30"]

1. d4 Nf6 2. c4 Nc6 3. Nf3 e6 4. a3 d5 5. Nc3 Ne4 6. Qc2 {[%emt 0:02:36] E10: Blumenfeld Gambit.} Nxc3 7. Qxc3 a5 8. Bg5 $146 {[%emt 0:08:34] White is slightly better.} (8. b3 a4 9. b4 dxc4 10. Qxc4 Bd7 11. e4 Na7 12. Qc2 Bb5 13. Bxb5+ Nxb5 14. Bb2 {0-1 Kretchetov,A (2345)-Sevillano,E (2562) Reno Far West op 2007 (3)}) 8... f6 9. Be3 a4 10. Qc2 Na5 11. Nd2 ({White should try} 11. cxd5 $11 Nb3 12. Rd1) 11... Nxc4 12. Nxc4 dxc4 13. Qxc4 Qd5 14. Rc1 Bd6 15. Bd2 Qxc4 16. Rxc4 e5 17. d5 {[%emt 0:04:16] Repels Be6} Bd7 18. e4 Ke7 19. h4 b5 20. Rc2 Rhb8 21. Bd3 b4 22. axb4 Bxb4 23. Ke2 Bd6 24. Ra1 Rb3 25. Bc1 f5 26. f3 f4 27. Bc4 Rb6 28. Bd2 Bc5 29. Bc3 Kd6 30. Rd2 Rab8 31. Ra2 g5 32. hxg5 Rg8 33. Kd3 Rxg5 34. Ra1 Rh5 35. Rdd1 {[%emt 0:00:17] and Rh1 should not be overlooked} Rg5 36. Rd2 Rb8 37. b3 axb3 38. Ra6+ Rb6 39. Rxb6+ cxb6 40. Bxb3 h5 41. Ra2 h4 42. Be1 {[%emt 0:00:00] Wards off Rg3} (42. Kc4 $1 $11 {and White is okay.}) 42... h3 $19 43. gxh3 Bxh3 $2 (43... Rg1 $1 $19 44. Bh4 Rf1 (44... Bxh3 45. Ra7 $11)) 44. Rh2 Rh5 {[%emt 0:00:00] and ...Bf1+ would now be decisive} 45. Kc3 Rh7 ({Better is} 45... Bd4+ $11 46. Kd2 Bg4 47. Rxh5 Bxh5) 46. Bc4 (46. Ba4 $1 $14) 46... Bg1 (46... Rh5 $11 {remains equal.}) 47. Rh1 $16 Bd4+ 48. Kb3 $1 Bf5 49. Bb4+ $1 Bc5 {[%emt 0:00:33] [#]} (49... Kd7 $16) 50. Rg1 $1 $18 Bd7 51. Rg6+ Kc7 {[%emt 0:00:03] [#]} 52. d6+ $1 Kc6 53. Bd5+ Kb5 54. Bc3 Bd4 $2 (54... Ka6 55. Rf6 (55. Bxe5 Rh3 $16) 55... Rg7 56. Bxe5 Rg3 57. Rxf4 Rg6) 55. Bxd4 exd4 56. Rg5 {[%emt 0:00:16] White wants to mate with Bb7+.} Rh6 57. Bb7+ {[%emt 0:00:06] Never resign too early!   Weighted Error Value: White=0.13 (very precise) /Black=0.37  Loses game:     	White=1     	Black=1      Missed win:     	---       	Black=1      Mistake:       	White=2     	Black=4      Inaccurate:     	White=2     	Black=3      OK:         	White=20    	Black=23     Best:        	White=3     	Black=3      Strong:       	White=4     	---} 1-0

[Event "Slovakian ECo-C Extraliga 2024-25"]
[Site "Slovakia"]
[Date "2025.02.15"]
[Round "5.2"]
[White "Finek, Vaclav"]
[Black "Mrva, Martin"]
[Result "1/2-1/2"]
[Annotator "TA"]
[ECO "E66"]
[WhiteElo "2478"]
[BlackElo "2398"]
[PlyCount "206"]
[EventDate "2024.09.12"]
[EventType "team-tourn"]
[EventCountry "SVK"]
[SourceTitle "playchess.com"]
[Source "ChessBase"]
[SourceQuality "1"]
[TimeControl "5400+30"]

1. d4 Nf6 2. c4 g6 3. Nf3 Bg7 4. g3 O-O 5. Bg2 c5 6. O-O d6 7. Nc3 Nc6 8. d5 Na5 9. Nd2 e6 10. Rb1 exd5 11. cxd5 Bf5 {[%emt 0:11:31] E66: King's Indian: Fianchetto: 6...c5 7 0-0 Nc6 8 d5.} 12. e4 Bd7 13. b3 b5 {[%emt 0:04:22][%cal Bb7b5,Bb5b4][%mdl 32] White has an edge.} 14. Qc2 b4 15. Nd1 Bb5 16. Re1 Ng4 17. h3 Ne5 18. Bf1 $146 {[%emt 0:00:16] Against Bd3} (18. Nb2 Qb6 19. Ndc4 Nexc4 20. bxc4 Bxb2 21. Bxb2 Nxc4 22. Bf6 Ne5 23. Qd2 Nd7 24. Ba1 {0-1 Aczel,G (2502)-Banh,G (2400) Budapest SixDays 06 GM-A 2024 (2)}) 18... Qd7 (18... Bxf1 19. Rxf1 Rc8 20. Ne3 Qd7) 19. Kg2 Rac8 20. Ne3 Bxf1+ 21. Rxf1 Qb5 (21... c4 {seems wilder.} 22. bxc4 Bh6 23. Ng4 Nxg4 24. hxg4 Bxd2 25. Qxd2 Nxc4 26. Qxb4 Qxg4 27. f3 Qd7) 22. Ndc4 (22. Bb2 c4 23. Nexc4 (23. Bxe5 cxb3 24. Qd1 bxa2 $17) 23... Nexc4 24. bxc4 Nxc4 $15) 22... Naxc4 23. bxc4 Qa6 24. Bb2 Rfe8 (24... Qxa2 $2 25. Ra1 b3 26. Qe2 $18) (24... Rce8 $11) 25. g4 $14 (25. f4 Nd7 $11) 25... h6 (25... Qxa2 $2 26. Ra1 $18) 26. h4 Re7 (26... Qxa2 $2 27. Ra1 $18) 27. Ba1 Rce8 28. f3 (28. f4 Nc6 29. Bxg7 (29. dxc6 Rxe4 30. Rf3 Bxa1 $19) 29... Rxe4 $19) 28... Qa3 29. Rb3 Qa4 30. g5 (30. f4 Nxg4 31. Nxg4 Rxe4 $11) (30. h5 $1 $16) 30... h5 $11 31. Qb2 {[%emt 0:03:36] [#]} (31. f4 $11 Nd7 (31... Ng4 32. Nxg4 hxg4 33. e5 $16) 32. e5 (32. Bxg7 $2 Rxe4 33. Bh6 Rxe3 $19)) 31... f5 32. gxf6 Bxf6 33. Qe2 Bg7 (33... Bxh4 34. Kh1 $14) (33... Qd7 $5) 34. Kh1 Qd7 35. Qg2 {[%emt 0:01:14] Repels Qh3+} Kh7 (35... a5 $11) 36. Rg1 $14 Kh8 37. f4 $1 (37. Bxe5 Bxe5 38. Nd1 (38. a3 $2 bxa3 39. Rxa3 Rf8 $19) 38... Rf7 $17) 37... Ng4 38. Bxg7+ Rxg7 39. Nxg4 (39. e5 dxe5 40. Nxg4 hxg4 $11) 39... Qxg4 (39... hxg4 $14 40. Re3 Rh7 41. Qb2+ (41. Qxg4 Qe7 $14) 41... Kg8) 40. Qf2 (40. Qxg4 $16 hxg4 41. Re3) 40... Qd7 $11 41. Re3 Rf8 42. Rg5 Qe7 43. Kg2 a5 $1 44. e5 Rf5 45. Rxf5 (45. Kh3 Qf8 46. Rxf5 Qxf5+ 47. Kg2) 45... gxf5+ $14 {[%emt 0:00:00][%mdl 4096] Endgame KQR-KQR} 46. Kf3 a4 47. exd6 Qxd6 48. Re6 {[%emt 0:00:05] Dancing on a razor blade.} Qf8 {[%emt 0:01:27] [#]} 49. Qc2 {[%emt 0:02:43] White is more active.} ({White should play} 49. Qe2 $1 $16 {Re8 would now be deadly.} Kh7 50. Kf2) 49... a3 50. Rh6+ Rh7 51. Rg6 Re7 52. Rg5 Qe8 {[%emt 0:00:14] [#]} (52... Qf6 $1 $11 {keeps the balance.}) 53. Rxf5 ({But not} 53. Qxf5 $6 Re3+ 54. Kg2 Re2+ 55. Kh3 Re3+ (55... Qe3+ $2 56. Rg3 $18) 56. Kg2 Re2+ 57. Kh1 Re1+ 58. Kh2 Re2+ (58... Qe2+ $2 59. Rg2 $18) 59. Kh1 Re1+ 60. Kh2 Re2+ 61. Kh1 $11) (53. Qd3 $1 $16) 53... Re3+ $11 54. Kf2 Rc3 55. Qe2 Qxe2+ 56. Kxe2 Rxc4 {[%emt 0:00:24] KR-KR} 57. d6 Re4+ 58. Kf3 (58. Kd3 $5 Rd4+ $8 59. Kc2 $11) 58... Rd4 {[%emt 0:00:18] ...c4 is the strong threat.} 59. Rxh5+ Kg7 60. Rxc5 Rxd6 61. Rb5 Rd2 62. Rxb4 Rxa2 63. Ra4 Kh6 64. Ra5 Ra1 65. Kg4 a2 66. Ra6+ Kg7 {[%emt 0:00:54] ( -> ...Rg1+)} 67. Kf5 Kh7 68. h5 Kg7 69. Rg6+ Kh7 70. Rg2 Kh6 (70... Rh1 71. Rxa2 Rxh5+ 72. Ke6 Rc5) 71. Rh2 Kg7 72. Rg2+ Kh6 73. Re2 Kg7 74. Re7+ Kg8 75. Re2 Kg7 76. Rf2 Kh6 (76... Rh1 77. Rxa2 Rxh5+ 78. Kg4 Rh1) 77. Rb2 Kg7 78. Rb7+ Kg8 79. Ra7 Kh8 $1 80. h6 Kg8 (80... Rh1 81. Ra8+ Kh7 82. Rxa2 Rxh6 83. Re2 Kg7) 81. Ra3 Kh7 82. Ra6 (82. Ra5 Kxh6 83. Ra7 Rf1 84. Rxa2 Rd1 85. Rh2+) 82... Kh8 (82... Rf1 83. Rxa2 Kxh6 84. Re2 Kh7) 83. Ra7 Kg8 (83... Rh1 {simplifies} 84. Ra8+ Kh7 85. Rxa2 Rxh6 86. Re2 Kg7) 84. Rg7+ Kh8 85. Rg2 Kh7 (85... Rh1 $11 86. Rxa2 Rxh6) 86. Rh2 (86. Kg5 $1 $14) 86... Rb1 $132 {[%emt 0:00:34][%mdl 2048] The position is equal. Black puts up resistance} 87. Rxa2 Rb5+ 88. Kf6 Rb6+ 89. Kg5 Rg6+ 90. Kf5 Rxh6 91. Rg2 Ra6 92. Rg4 Ra5+ 93. Ke4 Ra4+ 94. Kf3 Ra3+ 95. Kg2 Kh6 96. Rg5 Rb3 97. Rg4 Kh5 98. Rg8 Ra3 99. f5 Ra5 100. f6 {[%emt 0:00:08] White threatens f7 and mate.} Rf5 101. Rf8 Kg6 102. Kg3 Rxf6 103. Rxf6+ Kxf6 {Weighted Error Value: White=0.17 (very precise) /Black=0.16 (very precise)   Mistake:       	White=6     	Black=6      Inaccurate:     	White=4     	Black=4      OK:         	White=31    	Black=51     Best:        	White=8     	Black=5      Strong:       	White=1     	Black=2} 1/2-1/2

[Event "Slovakian ECo-C Extraliga 2024-25"]
[Site "Slovakia"]
[Date "2025.02.15"]
[Round "5.2"]
[White "Bochnicka, Vladimir"]
[Black "Tazbir, Marcin"]
[Result "1-0"]
[Annotator "TA"]
[ECO "C55"]
[WhiteElo "2345"]
[BlackElo "2502"]
[PlyCount "57"]
[EventDate "2024.09.12"]
[EventType "team-tourn"]
[EventCountry "SVK"]
[SourceTitle "playchess.com"]
[Source "ChessBase"]
[SourceQuality "1"]
[TimeControl "5400+30"]

1. e4 e5 2. Nf3 Nc6 3. Bc4 Nf6 4. d3 h6 5. c3 d6 6. a4 {[%emt 0:00:32] C55: Two Knights: 4 d3, 4 d4 exd4 5 e5 and Max Lange Attack.} g5 7. Qb3 Qe7 8. a5 {[%emt 0:00:21] White has an edge.} a6 9. O-O Bg7 10. Re1 Nh5 $146 (10... Nd7 11. Qd1 Nf6 12. Nfd2 Be6 13. Nf1 d5 14. exd5 Nxd5 15. Qb3 O-O-O 16. Qc2 Nf4 17. Bxf4 gxf4 18. Bxe6+ Qxe6 {½-½ Kramer,J (2503)-Lundin,J (2175) EU-ch 24th Petrovac 2024 (1)}) 11. Be3 O-O 12. h3 Kh8 13. Nbd2 {[%emt 0:02:33] White is more active.} Nf4 14. d4 h5 15. Qd1 Qf6 16. Nf1 g4 17. hxg4 hxg4 18. N3h2 exd4 19. cxd4 Nxd4 20. Nxg4 Qg6 21. Nfh2 (21. Bxf4 {simplifies} Qxg4 22. Qxg4 Bxg4 23. Rac1) 21... Nfe6 (21... Qxe4 $11 22. f3 Qc2 23. Qxc2 (23. Bxd4 $2 Qxg2#) 23... Nh3+ 24. gxh3 Nxc2) 22. Ra3 $18 c5 23. Bc1 ({Not} 23. Bxd4 Bxd4 24. Rh3+ Kg7 $18) 23... Ng5 {[%emt 0:04:00] Prevents Rh3+} 24. Rg3 {[%emt 0:00:34][%cal Og4e5] Strongly threatening Ne5!.} Nh7 $2 {[%emt 0:02:35] [#]} (24... Be6 25. Ne5 dxe5) 25. Nh6 $1 {[%emt 0:03:57][%mdl 512] White is clearly winning.} Qf6 26. Qh5 Be6 {[%emt 0:01:12] [#]} 27. e5 $1 dxe5 (27... Qg6 28. Rxg6) 28. Bd3 {[%emt 0:00:06][%cal Oh6f7] White threatens Nxf7+! and mate.} Bxh6 29. Bxh6 {[%emt 0:00:09] Weighted Error Value: White=0.13 (very precise) /Black=0.75  Loses game:     	---       	Black=1      Mistake:       	---       	Black=1      Inaccurate:     	White=3     	Black=4      OK:         	White=7     	Black=9      Best:        	White=1     	---        Brilliant:      	White=1     	---} 1-0

[Event "Slovakian ECo-C Extraliga 2024-25"]
[Site "Slovakia"]
[Date "2025.02.15"]
[Round "5.2"]
[White "Babula, Vlastimil"]
[Black "Kaczur, Florian"]
[Result "0-1"]
[Annotator "TA"]
[ECO "C55"]
[WhiteElo "2322"]
[BlackElo "2475"]
[PlyCount "42"]
[EventDate "2024.09.12"]
[EventType "team-tourn"]
[EventCountry "SVK"]
[SourceTitle "playchess.com"]
[Source "ChessBase"]
[SourceQuality "1"]
[TimeControl "5400+30"]

1. e4 e5 2. Nf3 Nc6 3. Bc4 Nf6 4. d3 h6 5. O-O d6 6. a4 g6 {[%emt 0:02:07] C55: Two Knights: 4 d3, 4 d4 exd4 5 e5 and Max Lange Attack.} 7. a5 Rb8 8. h3 Bg7 {[%emt 0:01:39] White is slightly better.} 9. Be3 O-O 10. Nc3 a6 $146 (10... b6 11. axb6 axb6 12. d4 exd4 13. Nxd4 Bb7 14. Nxc6 Bxc6 15. Bd5 Bxd5 16. exd5 b5 {½-½ Lu,S (2602)-Oparin,G (2654) FIDE Chess.com Grand Swiss 2019 (7)}) 11. Qb1 Kh7 12. Qa2 (12. Re1 $11) 12... Nh5 $1 $15 13. Nd5 (13. Ne2 $15 {was preferable.}) 13... f5 $1 $17 14. exf5 Bxf5 15. Nh2 {[%emt 0:02:42] [#]} (15. Rae1 $17 {was called for.}) 15... Nd4 $1 $19 16. g4 Bd7 (16... Qh4 $19 17. gxf5 (17. Bxd4 exd4 18. Rae1 c6 $19) 17... Rxf5 (17... Nxc2 18. Rac1 $16) (17... Nxf5 18. Ba7 $17)) 17. gxh5 $17 Bxh3 {[%emt 0:09:03] Black is more active.} 18. hxg6+ Kh8 $1 {[%emt 0:00:15] Hoping for ...Qh4.} 19. Nc3 $2 {[%emt 0:11:33][%mdl 8192] [#]} c6 $2 (19... Nxc2 20. b4 Nxa1 (20... Nxe3 21. fxe3 Qg5+ 22. Kh1 $11) 21. Rxa1 $16) ({Black should try} 19... Qh4 $1 $19 {( -> ...Nf3+)} 20. Ne4 Nf3+ 21. Nxf3 Rxf3) 20. Bf7 $1 $11 {[%emt 0:01:09][%cal Oa2b1] Black must now prevent Qb1!.} Qh4 {[%emt 0:02:15][%cal Od4f3][%mdl 1024] ( -> ...Nf3+!) Black has compensation. Dancing on a razor blade.} 21. Qb1 $2 {[%emt 0:05:42][%mdl 8192] [#]} Nf3+ $1 {[%emt 0:01:04][%mdl 512] Weighted Error Value: White=0.64/Black=0.32  Loses game:     	White=2     	---        Missed win:     	---       	Black=1      Mistake:       	White=3     	Black=1      OK:         	White=2     	Black=3      Best:        	---       	Black=2      Strong:       	White=1     	Black=4      Brilliant:      	---       	Black=1} 0-1

[Event "Slovakian ECo-C Extraliga 2024-25"]
[Site "Slovakia"]
[Date "2025.02.15"]
[Round "5.3"]
[White "Sipos, Istvan"]
[Black "Skreko, Igor"]
[Result "1/2-1/2"]
[Annotator "ChessBase"]
[ECO "E73"]
[WhiteElo "2455"]
[BlackElo "2242"]
[PlyCount "71"]
[EventDate "2024.09.12"]
[EventType "team-tourn"]
[EventCountry "SVK"]
[SourceTitle "playchess.com"]
[Source "ChessBase"]
[SourceQuality "1"]
[TimeControl "5400+30"]

1. c4 Nf6 2. Nc3 g6 3. e4 d6 4. d4 Bg7 5. Be2 O-O 6. Be3 Na6 7. g4 c5 8. d5 e6 9. g5 Ne8 10. h4 exd5 11. exd5 Bxc3+ 12. bxc3 Ng7 13. h5 gxh5 14. Bxh5 Bf5 15. Bg4 Bg6 16. Ne2 Qe7 17. Ng3 Rae8 18. Kd2 Nc7 19. a4 Na8 20. Qf1 Nb6 21. a5 Nd7 22. Bxd7 Qxd7 23. Qh3 Qe7 24. Qh4 Nf5 25. Nxf5 Bxf5 26. Qf4 Qd7 27. f3 Re7 28. Bf2 Rfe8 29. Rhe1 Bg6 30. Rxe7 Rxe7 31. Re1 Rxe1 32. Bxe1 Qh3 33. Qf6 Qf1 34. Qd8+ Kg7 35. Qf6+ Kg8 36. Qd8+ 1/2-1/2